 Dungeon Crawl Stone Soup version 0.30-a0-571-gdf30a72648 (webtiles) character file.

Game seed: 15350282142635943517

198 wormed the Shooter (level 5, -2/27 HPs)
             Began as a Spriggan Hunter on Dec 30, 2022.
             Was a Believer of Okawaru.
             Slain by a gnoll
             ... wielding a +0 halberd
              (15 damage)
             ... on level 4 of the Dungeon.
             The game lasted 00:03:15 (2359 turns).

wormed the Shooter (Spriggan Hunter)                Turns: 2359, Time: 00:03:16

Health: -2/27      AC:  3    Str:  7    XL:     5   Next: 47%
Magic:  6/6        EV: 19    Int: 11    God:    Okawaru [**....]
Gold:   188        SH:  0    Dex: 20    Spells: 4/4 levels left

rFire   . . .      SeeInvis +    a - +0 shortbow
rCold   . . .      Faith    .    (shield currently unavailable)
rNeg    . . .      Spirit   .    c - +0 robe
rPois   .          Reflect  .    (helmet restricted)
rElec   .          Harm     .    n - +0 cloak
rCorr   .          Rampage  .    (gloves unavailable)
Will    .....                    (boots unavailable)
Stlth   +++                      (no amulet)
HPRegen 0.24/turn                (no ring)
MPRegen 0.10/turn                (no ring)

@: very quick
A: very small, no large weapons, unfitting armour, see invisible, speed 3
a: Renounce Religion, Heroism


You were on level 4 of the Dungeon.
You worshipped Okawaru.
Okawaru was pleased with you.
You visited 1 branch of the dungeon, and saw 4 of its levels.

You collected 188 gold pieces.

Inventory:

Hand Weapons
 a - a +0 shortbow (weapon)
Armour
 c - a +0 robe (worn)
 n - a +0 cloak (worn)
Scrolls
 b - a scroll of immolation
 d - a scroll of teleportation {unknown}
 e - 4 scrolls of identify {unknown}
 f - a scroll of vulnerability {unknown}
 h - a scroll of enchant weapon {unknown}
 l - a scroll of butterflies {unknown}
Potions
 g - 2 potions of flight {unknown}
 i - 2 potions of curing {unknown}
 j - a potion of resistance {unknown}
 k - a potion of heal wounds {unknown}
 m - a potion of attraction {unknown}
 o - a potion of haste {unknown}
 p - a potion of mutation {unknown}


   Skills:
 + Level 2.5 Fighting
 * Level 5.3 Ranged Weapons
 + Level 4.1 Dodging
 + Level 4.0 Stealth


You had 4 spell levels left.
You didn't know any spells.
Your spell library contained the following spells:

 Spells                   Type           Power      Damage    Failure   Level
 Ensorcelled Hibernation  Hex/Ice        0%         N/A       47%         2
 Spider Form              Tmut/Pois      0%         N/A       71%         3
 Anguish                  Hex/Necr       0%         N/A       98%         4


Dungeon Overview and Level Annotations

Branches:
Dungeon (4/15)
 Temple: D:4-7

Altars:
Okawaru

Annotations:
D:4 Grinder


Innate Abilities, Weirdness & Mutations

You are very small and have problems with some larger weapons.
You are too small for most types of armour.
You have supernaturally acute eyesight. (SInv)
You cover ground extremely quickly. (Speed+++)


Message History

There is a stone staircase leading up here.
You shoot an arrow.
The arrow hits the gnoll but does no damage.
You shoot an arrow. The arrow closely misses the gnoll.
The arrow hits the scorpion!
You kill the scorpion!
Okawaru is honoured by your kill.
Your Dodging skill increases to level 4!
You have reached level 5!
You feel clever.
You shoot an arrow. The arrow hits the gnoll.
The gnoll is heavily wounded.
You shoot an arrow.
The arrow hits the gnoll but does no damage.
The gnoll is moderately wounded.
The gnoll closely misses you.
You shoot an arrow. The arrow hits the gnoll!
The gnoll is almost dead.
The gnoll misses you.
You shoot an arrow. The arrow hits the gnoll!
You kill the gnoll!
Okawaru accepts your kill. The gnoll completely misses you.
Your Stealth skill increases to level 4!
You shoot an arrow. The arrow closely misses the gnoll.
The arrow hits the gnoll.
The gnoll is heavily wounded.
The gnoll hits you from afar with a +0 halberd!
The gnoll hits you with a +0 whip.
You shoot an arrow. The arrow hits the gnoll.
The gnoll is lightly wounded.
The gnoll misses you. x2
You shoot an arrow. The arrow hits the gnoll.
The gnoll is moderately wounded.
The gnoll hits you with a +0 whip. The gnoll barely misses you.
You are too injured to fight recklessly!
You are too injured to fight recklessly!
The gnoll hits you from afar with a +0 halberd!
Ouch! That really hurt!
You die...

#.# #. #.. #.#
#.##.# #g# #.##.#
#ยง# #.##.# #.#
#.##.# #.# #.##.#
#.# #.#..# #.#
#....# #.# #.#@##
#.# #.#g# #.####
#.#g# #.g..# #.#.##
####g####....#
#.....####..#
##.....####..#
#.....gs.....####..
#......###........#


You could see 2 gnolls.

Vanquished Creatures
  A scorpion (D:4)
  An orc wizard (D:3)
  2 gnolls (D:4)
  2 adders
  A worm (D:3)
  2 dart slugs
  4 orcs (D:3)
  10 ball pythons
  3 endoplasms
  3 giant cockroaches (D:1)
  6 goblins
  7 hobgoblins
  4 jackals (D:3)
  A quokka (D:3)
  7 bats
  5 frilled lizards
  4 kobolds
  3 rats
66 creatures vanquished.

Notes
Turn   | Place    | Note
-------+----------+-------------------------------------------
     0 | D:1      | wormed the Spriggan Hunter began the quest for the Orb.
     0 | D:1      | Reached XP level 1. HP: 10/10 MP: 2/2
    87 | D:1      | Reached XP level 2. HP: 15/15 MP: 3/3
   268 | D:1      | Reached XP level 3. HP: 10/18 MP: 4/4
   585 | D:2      | Found a faded altar of an unknown god.
   968 | D:2      | Prayed at the altar of an unknown god.
   968 | D:2      | Became a worshipper of Warmaster Okawaru
   968 | D:2      | Reached * piety under Okawaru
  1639 | D:3      | Reached XP level 4. HP: 23/23 MP: 5/5
  2283 | D:4      | Reached skill level 5 in Ranged Weapons
  2305 | D:4      | Noticed Grinder
  2315 | D:4      | Paralysed by Grinder for 2 turns
  2328 | D:4      | Noticed a scorpion
  2351 | D:4      | Killed a scorpion
  2351 | D:4      | Reached ** piety under Okawaru
  2352 | D:4      | Reached XP level 5. HP: 27/27 MP: 6/6
  2359 | D:4      | Slain by a gnoll

Illustrated notes

Levels and vault maps discovered:
D:1:      eino_arrival_tree_alley, layout_rooms, minmay_hexomino_p4
D:2:      layout_basic, basic_ecumenical_altar, supply_closet_lemuel,
          chequers_serial_rivers_micro_d
D:3:      layout_loops_corners, minmay_hedge_maze
D:4:      layout_loops_ring, serial_shops, nicolae_stop_n_shop_1,
          nicolae_diamond_shop, grunt_decor_junction, uniq_eustachio,
          uniq_menkaure, uniq_sigmund, uniq_grinder

Skill      XL: |  1  2  3  4  5 |
---------------+----------------+-----
Stealth        | 2 3 4 |  4.0
Dodging        | 3 4 |  4.1
Fighting       | 2 |  2.5
Ranged Weapons | 5 |  5.3

Action                   |  1- 3 |  4- 6 || total
-------------------------+-------+-------++-------
Melee: Shortbow          |       |     1 ||     1
 Fire: Shortbow          |   119 |    63 ||   182
Armor: Robe              |    13 |     2 ||    15
Dodge: Dodged            |    61 |    11 ||    72

Table legend: (Time is in decaauts)
 A = Elapsed time spent in this place.
 B = Non-inter-level travel time spent in this place.
 C = Inter-level travel time spent in this place.
 D = Time resting spent in this place.
 E = Time spent auto-exploring this place.
 F = Levels seen in this place.
 G = Mean time per level.
                   A        B        C        D        E       F      G
               +--------+--------+--------+--------+--------+-----+--------+
         Total |   1614 |   1460 |    154 |      0 |   1101 |   4 |  403.5 |
       Dungeon |   1614 |   1460 |    154 |      0 |   1101 |   4 |  403.5 |
               +--------+--------+--------+--------+--------+-----+--------+

Top non-repeatable levels by time:
     D:3: 698 daAuts
     D:2: 446 daAuts
     D:1: 394 daAuts
     D:4: 76 daAuts
